 Dungeon Crawl Stone Soup version 0.28-a0-863-g8cecda6153 (webtiles) character file.

Game seed: 8338661060553081615

164 mandarbmax the Skirmisher (level 5, -7/85 HPs)
             Began as an Ogre Hunter on Nov 18, 2021.
             Mangled by a gnoll sergeant (8 damage)
             ... on level 3 of the Dungeon.
             The game lasted 00:03:31 (2401 turns).

mandarbmax the Skirmisher (Ogre Hunter)             Turns: 2401, Time: 00:03:32

Health: -7/85      AC:  3    Str: 16    XL:     5   Next: 45%
Magic:  5/5        EV: 10    Int: 12    God:
Gold:   74         SH:  0    Dex: 10    Spells: 2/4 levels left

rFire   . . .      SeeInvis .   i - +3 dagger (speed)
rCold   . . .      Faith    .   (no shield)
rNeg    . . .      Spirit   .   b - +0 robe
rPois   .          Reflect  .   (helmet restricted)
rElec   .          Harm     .   (no cloak)
rCorr   .          Rampage  .   (gloves unavailable)
Will    .....                   (boots unavailable)
Stlth   ..........              (no amulet)
HPRegen 0.24/turn               (no ring)
MPRegen 0.09/turn               (no ring)

@: berserking, attractive, very quick
A: large, unfitting armour, tough skin 1
a: no special abilities


You were on level 3 of the Dungeon.
You visited 1 branch of the dungeon, and saw 3 of its levels.

You collected 74 gold pieces.

Inventory:

Hand Weapons
 i - a +3 dagger of speed (weapon)
Missiles
 d - 2 throwing nets (quivered)
Armour
 b - a +0 robe (worn)
Jewellery
 a - a ring of see invisible
Scrolls
 f - a scroll of enchant weapon
 g - a scroll of identify
 k - a scroll of teleportation


   Skills:
 + Level 5.3 Fighting
 + Level 5.3 Throwing
 - Level 2.0 Dodging
 - Level 0.6 Stealth


You had 2 spell levels left.
You knew the following spells:

 Your Spells              Type           Power      Damage    Failure   Level
a - Beastly Appendage     Tmut           0%         N/A       32%         1
z - Animate Skeleton      Necr           0%         N/A       32%         1

Your spell library contained the following spells:

 Spells                   Type           Power      Damage    Failure   Level
 Apportation              Tloc           0%         N/A       32%         1
 Freeze                   Ice            0%         1d3       32%         1
 Summon Small Mammal      Summ           0%         N/A       32%         1
 Wereblood                Tmut           0%         N/A       45%         2
 Frozen Ramparts          Ice            0%         1d2       69%         3
 Spider Form              Tmut/Pois      0%         N/A       69%         3
 Hailstorm                Conj/Ice       0%         3d3       97%         4


Dungeon Overview and Level Annotations

Branches:
Dungeon (3/15)

Altars:


Innate Abilities, Weirdness & Mutations

You are too large for most types of armour.
You have tough skin. (AC +1)


Message History

It is a scroll of enchant weapon.
Your +2 dagger of speed glows red for a moment.
The gnoll sergeant misses you.
The gnoll hits you from afar with a +0 spear!
* * * LOW HITPOINT WARNING * * *
Unknown command.
It was a potion of attraction.
You feel attractive to monsters.
Your horns disappear.
Your talons disappear.
The gnoll sergeant hits you with a +0 spear.
* * * LOW HITPOINT WARNING * * *
The gnoll hits you from afar with a +0 spear.
* * * LOW HITPOINT WARNING * * *
The gnoll hits you with a +0 whip.
* * * LOW HITPOINT WARNING * * *
You feel much better.
The gnoll sergeant hits you with a +0 spear.
* * * LOW HITPOINT WARNING * * *
The gnoll barely misses you. The gnoll hits you with a +0 whip.
* * * LOW HITPOINT WARNING * * *
Unknown command.
As you read the scroll labelled ZUIXAD VANKIN, it crumbles to dust.
It is a scroll of identify.
k - a scroll of teleportation The gnoll sergeant hits you with a +0 spear.
* * * LOW HITPOINT WARNING * * *
The gnoll hits you but does no damage. The gnoll hits you with a +0 whip.
* * * LOW HITPOINT WARNING * * *
Unknown command.
Okay, then.
Okay, then.
It was a potion of berserk rage.
A red film seems to cover your vision as you go berserk!
You feel yourself moving faster!
You feel mighty! The gnoll sergeant misses you. The gnoll closely misses you.
The gnoll hits you with a +0 whip.
* * * LOW HITPOINT WARNING * * *
You hit the gnoll.
The gnoll is heavily wounded.
The gnoll sergeant hits you with a +0 spear!
You die... #.#.### ).(.. ..... ..[ ggg

#+#g# #.#g#
#.#@#
.######.#g#
..........#
#######.###
#.#####
#.....#
#.....#
#.....#
#.....#


You could see a gnoll sergeant, 4 gnolls and a hobgoblin.

Vanquished Creatures
  2 orc priests (D:2)
  Terence (D:3)
  An orc wizard (D:3)
  An adder (D:3)
  A dart slug (D:1)
  5 orcs
  A ball python (D:1)
  2 bats
  5 endoplasms
  A giant cockroach (D:3)
  4 goblins
  2 hobgoblins (D:1)
  2 frilled lizards (D:1)
  6 kobolds
  9 rats
43 creatures vanquished.

Notes
Turn   | Place    | Note
-------+----------+-------------------------------------------
     0 | D:1      | mandarbmax the Ogre Hunter began the quest for the Orb.
     0 | D:1      | Reached XP level 1. HP: 22/22 MP: 1/1
   394 | D:1      | Found a faded altar of an unknown god.
   510 | D:1      | Reached XP level 2. HP: 31/31 MP: 2/2
   987 | D:1      | Reached XP level 3. HP: 37/37 MP: 3/3
  1201 | D:2      | Reached XP level 4. HP: 13/49 MP: 4/4
  1649 | D:2      | Reached skill level 5 in Throwing
  1703 | D:2      | Learned a level 1 spell: Animate Skeleton
  1705 | D:2      | Learned a level 1 spell: Beastly Appendage
  1999 | D:3      | Noticed Terence
  2000 | D:3      | Killed Terence
  2001 | D:3      | Reached skill level 5 in Fighting
  2001 | D:3      | Reached XP level 5. HP: 57/57 MP: 5/5
  2397 | D:3      | HP: 2/57 [gnoll (4)]
  2401 | D:3      | Mangled by a gnoll sergeant

Illustrated notes

Levels and vault maps discovered:
D:1:      minmay_arrival_nine_rooms, layout_loops_ring,
          shapermc_ecumenical_altar_flowoftime
D:2:      layout_rooms
D:3:      layout_basic, mainiacjoe_overflow_tiny_flanked,
          chequers_serial_rivers_large_a, uniq_terence

Skill      XL: |  1  2  3  4 |
---------------+-------------+-----
Fighting       | 3 4 5 |  5.3
Dodging        | 2 |  2.0
Throwing       | 5 |  5.3
Stealth        | |  0.6

Action                   |  1- 3 |  4- 6 || total
-------------------------+-------+-------++-------
Melee: Short sword       |    73 |       ||    73
       Dagger            |    15 |    50 ||    65
       Headbutt          |       |     3 ||     3
       Kick              |       |     2 ||     2
Throw: Large rock        |     4 |     7 ||    11
 Cast: Beastly Appendage |       |     1 ||     1
  Use: Potion            |     1 |     3 ||     4
       Scroll            |     1 |     2 ||     3
 Stab: Sleeping          |     2 |     1 ||     3
       Distracted        |       |     1 ||     1
Armor: Robe              |    28 |     9 ||    37
Dodge: Dodged            |    47 |    24 ||    71

Table legend: (Time is in decaauts)
 A = Elapsed time spent in this place.
 B = Non-inter-level travel time spent in this place.
 C = Inter-level travel time spent in this place.
 D = Time resting spent in this place.
 E = Time spent auto-exploring this place.
 F = Levels seen in this place.
 G = Mean time per level.
                   A        B        C        D        E       F      G
               +--------+--------+--------+--------+--------+-----+--------+
         Total |   2401 |   2361 |     40 |    246 |   1780 |   3 |  800.3 |
       Dungeon |   2401 |   2361 |     40 |    246 |   1780 |   3 |  800.3 |
               +--------+--------+--------+--------+--------+-----+--------+

Top non-repeatable levels by time:
     D:1: 1417 daAuts
     D:2: 504 daAuts
     D:3: 480 daAuts
